 Dungeon Crawl Stone Soup version 0.26-a0-54-g15ccc7ae60 (webtiles) character file.

Game seed: 9796315644000121156

1641909 bmfx the Hoplite (level 27, 231/231 HPs)
             Began as a Formicid Earth Elementalist on June 7, 2020.
             Was the Champion of Makhleb.
             Escaped with the Orb
             ... and 3 runes!
             The game lasted 04:13:59 (83978 turns).

bmfx the Hoplite (Formicid Earth Elementalist)     Turns: 83978, Time: 04:14:00

Health: 231/231    AC: 43    Str: 27    XL:     27
Magic:  35/35      EV: 18    Int: 20    God:    Makhleb [******]
Gold:   4807       SH: 28    Dex: 11    Spells: 22/42 levels left

rFire    + + .     SeeInvis +   a - +9 double sword (elec)
rCold    + + +     Gourm    .   b - +2 tower shield
rNeg     . . .     Faith    .   q - +8 gold dragon scales
rPois    +         Spirit   +   (helmet unavailable)
rElec    .         Reflect  .   s - scarf {rC+ rF+}
rCorr    .         Harm     .   c - +2 pair of gloves
MR       ++...                  H - +2 pair of boots
Stlth    ..........             m - amulet of guardian spirit
HPRegen  0.48/turn              R - +6 ring of strength
MPRegen  0.24/turn              V - +4 ring of slaying

@: no status effects
A: permanent stasis, dig shafts and tunnels, four strong arms, antennae 3, fangs
1, repulsion field 1, molten scales 1, camouflage 1, cold resistance 1,
inhibited regeneration, subdued magic 1, sturdy frame 1
0: Orb of Zot
}: 3/15 runes: serpentine, barnacled, silver
a: Dig, Shaft Self, Minor Destruction, Lesser Servant of Makhleb, Major
Destruction, Greater Servant of Makhleb, Renounce Religion


You escaped.
You worshipped Makhleb.
Makhleb was exalted by your worship.
You were very full.

You visited 11 branches of the dungeon, and saw 53 of its levels.
You visited 1 bazaar.
You visited 1 ziggurat, and saw 3 of its levels.
You also visited: Sewer.

You collected 11309 gold pieces.
You spent 6502 gold pieces at shops.


Innate Abilities, Weirdness & Mutations

You cannot be hasted, slowed, berserked, paralysed or teleported.
You can dig through walls and to a lower floor.
Your four strong arms can wield two-handed weapons with a shield.
You have a pair of large antennae on your head. (SInv)
You have very sharp teeth.
You are surrounded by a mild repulsion field. (EV +2)
You are partially covered in molten scales. (AC +2)
Your skin changes colour to match your surroundings (Stealth+).
Your flesh is cold resistant. (rC+)
You do not regenerate when monsters are visible.
Your spells are a little easier to cast, but a little less powerful.
Your movements are slightly less encumbered by armour. (ER -2)

Dungeon Overview and Level Annotations

Branches:
Dungeon (15/15)            Temple (1/1) D:7            Lair (6/6) D:9
 Shoals (4/4) Lair:2        Snake (4/4) Lair:2        Slime (0/5) Lair:6
    Orc (2/2) D:10            Elf (3/3) Orc:2        Vaults (5/5) D:14
  Crypt (3/3) Vaults:2       Tomb (0/3) Crypt:3      Depths (5/5) D:15
    Zot (5/5) Depths:5      Sewer (visited)

Altars:
Ashenzari
Cheibriados
Dithmenos
Elyvilon
Fedhas
Gozag
Hepliaklqana
Kikubaaqudgha
Makhleb
Nemelex Xobeh
Okawaru
Qazlal
Ru
Sif Muna
Uskayaw
Vehumet
Wu Jian
Xom
Yredelemnul
The Shining One
Jiyva
Lugonu

Shops:
D:7 (   D:13 %   D:14 ?   D:15 !   Orc:2 [!}%   Snake:4 ==}   Vaults:1 (
Vaults:2 %   Vaults:3 [   Depths:3 :!

Portals:
Hell: Depths:1 Depths:2 Depths:3 Depths:4 Depths:5
Abyss: Depths:1 Depths:3 Depths:4
Pandemonium: Orc:2 Depths:2 Depths:3

Annotations:
Lair:6 1 runed translucent door slime entry


   Skills:
 - Level 22.0 Fighting
   Level 6.0(16.4) Short Blades
 + Level 22.8(23.0) Long Blades
 - Level 25.0 Armour
 - Level 18.9 Dodging
 - Level 6.0 Stealth
 - Level 25.0 Shields
 - Level 8.0 Spellcasting
 - Level 3.0 Conjurations
 - Level 3.0 Transmutations
 - Level 15.0 Earth Magic
 - Level 15.0 Invocations
 - Level 10.0 Evocations


You had 22 spell levels left.
You knew the following spells:

 Your Spells              Type           Power        Failure   Level  Hunger
w - Passwall              Tmut/Erth      ####....     1%          2    None
A - Sandblast             Erth           ######       1%          1    None
B - Stone Arrow           Conj/Erth      ####..       2%          3    None
C - Petrify               Tmut/Erth      ####....     9%          4    ###....
D - Lee's Rapid Deconstr  Erth           ######....   1%          5    #####..
E - Borgnjor's Vile Clut  Necr/Erth      ####......   45%         5    #####..

Your spell library contained the following spells:

 Spells                   Type           Power        Failure   Level  Hunger
 Magic Dart               Conj           ###.         11%         1    None
 Searing Ray              Conj           ###...       17%         2    None
 Leda's Liquefaction      Hex/Erth       ####......   17%         4    ###....
 Foxfire                  Conj/Fire      ##..         21%         1    None
 Shock                    Conj/Air       ##..         21%         1    None
 Sting                    Tmut/Pois      ##..         21%         1    None
 Apportation              Tloc           #.....       36%         1    None
 Corona                   Hex            #......      36%         1    None
 Freeze                   Ice            #...         36%         1    None
 Infusion                 Chrm           #...         36%         1    None
 Summon Butterflies       Summ           #.......     36%         1    None
 Summon Small Mammal      Summ           #...         36%         1    None
 Call Imp                 Summ           #.......     52%         2    None
 Ensorcelled Hibernation  Hex/Ice        #.....       52%         2    None
 Poisonous Vapours        Pois/Air       #.....       52%         2    None
 Shroud of Golubria       Chrm/Tloc      #.....       52%         2    None
 Slow                     Hex            #.......     52%         2    None
 Song of Slaying          Chrm           #.......     52%         2    None
 Conjure Flame            Conj/Fire      ##......     54%         3    None
 Dazzling Flash           Conj/Hex       ##....       54%         3    None
 Static Discharge         Conj/Air       ##......     54%         3    None
 Ignite Poison            Fire/Tmut/Pois #.......     61%         3    None
 Mephitic Cloud           Conj/Pois/Air  #.......     61%         3    None
 Bolt of Magma            Conj/Fire/Erth ###.......   67%         5    #####..
 Call Canine Familiar     Summ           #.......     77%         3    None
 Confusing Touch          Hex            #.......     77%         3    None
 Gell's Gravitas          Tloc           #.........   77%         3    None
 Inner Flame              Hex/Fire       #.......     77%         3    None
 Lesser Beckoning         Tloc           #.........   77%         3    None
 Ozocubu's Armour         Chrm/Ice       #.......     77%         3    None
 Portal Projectile        Hex/Tloc       #.....       77%         3    None
 Recall                   Summ/Tloc      N/A          77%         3    None
 Spectral Weapon          Hex/Chrm       #.......     77%         3    None
 Summon Guardian Golem    Hex/Summ       #.......     77%         3    None
 Tukima's Dance           Hex            #.......     77%         3    None
 Iron Shot                Conj/Erth      ####......   83%         6    ######.
 Statue Form              Tmut/Erth      ####.....    83%         6    ######.
 Fulminant Prism          Conj/Hex       ##........   92%         4    ###....
 Ice Form                 Ice/Tmut       ##......     92%         4    ###....
 Iskenderun's Mystic Bla  Conj/Tloc      ##......     92%         4    ###....
 Irradiate                Conj/Tmut      ###.......   98%         5    #####..
 Airstrike                Air            #.........   99%         4    ###....
 Animate Dead             Necr           N/A          99%         4    ###....
 Cause Fear               Hex            #.........   99%         4    ###....
 Olgreb's Toxic Radiance  Pois           #.......     99%         4    ###....
 Summon Ice Beast         Ice/Summ       #.......     99%         4    ###....
 Summon Lightning Spire   Summ/Air       #.......     99%         4    ###....
 Alistair's Intoxication  Tmut/Pois      ##......     99%         5    #####..
 Fireball                 Conj/Fire      ##........   99%         5    #####..
 Iskenderun's Battlesphe  Conj/Chrm      ##......     99%         5    #####..
 Lightning Bolt           Conj/Air       ##........   99%         5    #####..
 Yara's Violent Unravell  Hex/Tmut       ##........   99%         5    #####..
 Metabolic Englaciation   Hex/Ice        #.........   100%        5    #####..
 Silence                  Hex/Air        #.........   100%        5    #####..
 Summon Mana Viper        Hex/Summ       #.......     100%        5    #####..
 Conjure Ball Lightning   Conj/Air       ##........   100%        6    ######.
 Darkness                 Hex            #.........   100%        6    ######.
 Death Channel            Necr           #.........   100%        6    ######.
 Freezing Cloud           Conj/Ice/Air   #.........   100%        6    ######.
 Hydra Form               Tmut           ###.......   100%        6    ######.
 Invisibility             Hex            #.......     100%        6    ######.
 Ozocubu's Refrigeration  Ice            #.........   100%        6    ######.
 Simulacrum               Ice/Necr       #.........   100%        6    ######.
 Dragon Form              Tmut           ###.......   100%        7    #######
 Orb of Destruction       Conj           ###.......   100%        7    #######
 Ring of Flames           Chrm/Fire      #.........   100%        7    #######
 Spellforged Servitor     Conj/Summ      ##........   100%        7    #######
 Summon Hydra             Summ           #.........   100%        7    #######
 Discord                  Hex            #.........   100%        8    #######
 Ignition                 Fire           #.........   100%        8    #######
 Dragon's Call            Summ           #.........   100%        9    #######
 Shatter                  Erth           ######....   100%        9    #######
 Tornado                  Air            #.........   100%        9    #######
 Swiftness                Chrm/Air       Unusable     N/A         2    N/A
 Passage of Golubria      Tloc           Unusable     N/A         4    N/A

Action                   |  1- 3 |  4- 6 |  7- 9 | 10-12 | 13-15 | 16-18 | 19-21 | 22-24 | 25-27 || total
-------------------------+-------+-------+-------+-------+-------+-------+-------+-------+-------++-------
Melee: Dagger            |    57 |    29 |     7 |   258 |   364 |       |       |       |       ||   715
       Whip              |       |       |       |       |   383 |     9 |       |       |       ||   392
       Double sword      |       |       |       |       |       |  1514 |  1332 |  1305 |  3747 ||  7898
       Bite              |       |       |       |       |       |       |       |       |    14 ||    14
Throw: Stone             |     3 |     1 |     1 |     2 |       |       |       |       |       ||     7
       Dart              |       |     5 |    33 |    20 |    10 |     6 |       |       |     1 ||    75
       Throwing net      |       |       |       |       |       |       |       |       |     4 ||     4
 Cast: Sandblast         |    31 |    22 |    84 |    77 |   134 |       |       |       |       ||   348
       Passwall          |       |     1 |       |     4 |     3 |       |       |       |       ||     8
       Stone Arrow       |       |       |   107 |   212 |    82 |     3 |       |       |       ||   404
       Petrify           |       |       |     1 |    43 |   136 |    50 |     1 |       |       ||   231
       Lee's Rapid Decon |       |       |       |    12 |    63 |    23 |    24 |       |     8 ||   130
Invok: Lesser Servant of |       |       |       |    10 |    17 |     6 |       |       |       ||    33
       Greater Servant o |       |       |       |       |       |       |     1 |       |    13 ||    14
 Abil: Dig               |     1 |     2 |     2 |     6 |    14 |    20 |       |    22 |    49 ||   116
       Shaft Self        |       |       |       |       |       |       |     1 |     1 |     1 ||     3
Evoke: Wand              |       |       |     2 |    12 |    15 |    12 |    17 |     4 |    35 ||    97
       Lightning rod     |       |       |       |       |     4 |     4 |     2 |     8 |     4 ||    22
       Tin of tremorston |       |       |       |       |     2 |       |     8 |    10 |    14 ||    34
       Phial of floods   |       |       |       |       |       |       |       |       |     1 ||     1
       Phantom mirror    |       |       |       |       |       |       |       |       |     1 ||     1
  Use: Scroll            |     4 |       |     9 |    12 |    12 |     9 |     5 |     7 |    28 ||    86
       Potion            |       |       |       |     1 |     1 |    13 |     3 |     5 |    55 ||    78
 Stab: Sleeping          |     5 |     3 |       |     2 |     1 |       |       |       |     6 ||    17
       Petrified         |       |       |     4 |    88 |   227 |    78 |     2 |       |       ||   399
       Distracted        |       |       |       |     1 |       |     4 |       |     1 |     6 ||    12
       Petrifying        |       |       |       |     1 |    14 |     6 |       |       |       ||    21
       Paralysed         |       |       |       |       |       |     4 |     2 |       |       ||     6
       Invisible         |       |       |       |       |       |     4 |     5 |       |       ||     9
  Eat: Chunk             |     2 |     2 |    14 |    29 |    31 |    30 |    23 |    18 |    26 ||   175
       Ration            |       |     1 |     2 |     4 |     7 |     8 |     2 |     5 |    20 ||    49
Armor: Robe              |    32 |     6 |    17 |    69 |    44 |       |       |       |       ||   168
       Chain mail        |       |       |       |       |    50 |   324 |   245 |    13 |       ||   632
       Plate armour      |       |       |       |       |       |       |       |   291 |   562 ||   853
       Gold dragon scale |       |       |       |       |       |       |       |       |   423 ||   423
Dodge: Dodged            |    50 |    18 |    28 |   177 |   154 |   273 |   202 |   194 |   711 ||  1807
       Repelled          |       |       |       |       |       |       |       |       |    11 ||    11
Block: Kite shield       |       |       |       |    55 |    40 |       |       |       |       ||    95
       Tower shield      |       |       |       |       |   408 |  1005 |   837 |   807 |  2827 ||  5884
       Rpst.: Double sword |       |       |       |       |       |    59 |    32 |    34 |    79 ||   204

Skill      XL: |  1  2  3  4  5  6  7  8  9 10 11 12 13 14 15 16 17 18 19 20 21 22 23 24 25 26 27 |
---------------+----------------------------------------------------------------------------------+-----
Earth Magic    | 4 5 6 7 8 10 12 13 15 | 15.0
Spellcasting   | 3 4 5 6 8 |  8.0
Conjurations   | 1 2 3 |  3.0
Transmutations | 2 3 |  3.0
Evocations     | 4 5 10 | 10.0
Fighting       | 4 7 8 10 11 12 15 18 19 21 22 | 22.0
Dodging        | 4 5 6 8 18 | 18.9
Short Blades   | 4 6 |  6.0
Shields        | 8 12 15 18 19 20 25 | 25.0
Invocations    | 3 5 10 12 15 | 15.0
Stealth        | 6 |  6.0
Armour         | 2 7 12 15 17 18 19 21 25 | 25.0
Long Blades    | 4 11 15 16 17 18 19 22 | 22.8

Inventory:

Hand Weapons
 a - a +9 double sword of electrocution (weapon)
Missiles
 j - 5 throwing nets (quivered) {!f}
 G - 14 curare-tipped darts
Armour
 b - a +2 tower shield (worn)
 c - a +2 pair of gloves (worn)
 q - +8 gold dragon scales (worn)
 s - a scarf of resistance (worn)
 H - a +2 pair of boots (worn)
 L - a +2 cloak of poison resistance
Jewellery
 h - the amulet of the Air {Inacc +Fly rElec EV+5 RMsl}
   (You bought it in a shop on level 4 of the Snake Pit)

   [amulet of inaccuracy]

   It reduces the accuracy of all your attacks.
   It affects your evasion (+5).
   It insulates you from electricity.
   It lets you fly.
   It protects you from missiles.
 m - an amulet of guardian spirit (around neck)
 n - the amulet of Merch {RegenMP Int+7}
   (You acquired it on level 5 of the Lair of Beasts)

   [amulet of magic regeneration]

   It increases your magic regeneration.
   It affects your intelligence (+7).
 u - an uncursed ring of positive energy
 M - the ring "Miek" {+Blink rN+}
   (You found it on level 3 of the Crypt)

   [ring of positive energy]

   It protects you from negative energy.
   It lets you blink.
 N - the ring "Nuiwkufo" {rF+ MR+}
   (You took it off a rakshasa on level 4 of the Depths)

   [ring of protection from magic]

   It protects you from fire.
   It affects your resistance to hostile enchantments.
 R - a +6 ring of strength (left hand)
 V - a +4 ring of slaying (right hand)
 X - the ring "Episosaj" {Wiz Str+2 Dex+2}
   (You took it off a naga ritualist on level 3 of the Snake Pit)

   [ring of wizardry]

   It improves your spell success rate.
   It affects your strength (+2).
   It affects your dexterity (+2).
 Y - the ring of Ephemeral Luck {rF+ rN+ Stlth+}
   (You found it on level 3 of the Crypt)

   [ring of positive energy]

   It protects you from fire.
   It protects you from negative energy.
   It makes you more stealthy.
Wands
 t - a wand of iceblast (27)
 F - a wand of acid (13)
 I - a wand of disintegration (36)
 J - a wand of enslavement (15)
 Q - a wand of clouds (4)
 W - a wand of paralysis (34)
Scrolls
 f - a scroll of summoning
 i - 25 scrolls of remove curse {@r4}
 l - 15 scrolls of fear
 w - 3 scrolls of holy word
 y - 4 scrolls of fog
 z - a scroll of enchant weapon
 D - 5 scrolls of magic mapping
 T - 28 scrolls of identify {@r3}
 Z - 3 scrolls of silence
Potions
 e - 5 potions of brilliance
 g - 4 potions of heal wounds {@q1}
 p - 4 potions of mutation
 r - 5 potions of flight
 x - 11 potions of stabbing
 A - 3 potions of curing {@q2}
 B - a potion of might
 C - a potion of invisibility
 E - 4 potions of ambrosia
Miscellaneous
 k - 6 phantom mirrors
 o - a tin of tremorstones (3/3)
 v - 2 boxes of beasts
 O - a phial of floods
 U - a lightning rod (4/4)
Comestibles
 d - 54 rations

#..#####....#......#..##....##...
...........#..........####...###.
...............#.####..).........
...............###############...
...............#.............>...
...............#..#..#..#..#.....
...............#.................
...............#.................
.....(.......#.#@............>...
....>........#.#.................
....##.....###.#.................
#######....###.#..#..#..#..#)....
#............#.............>...
#.............##############.รท.
###............## #.....##...#
...#..####.....# ######......##
.....## #>....#####...........#.


There were no monsters in sight!

Vanquished Creatures
  7 orbs of fire
  A juggernaut (Depths:4)
  5 ancient liches
  Mennas (Depths:3)
  9 Killer Klowns
  Boris (Crypt:1)
  Margery (Crypt:1)
  Saint Roka (Snake:3)
  6 caustic shrikes
  Nikola (Snake:4)
  A profane servitor (Crypt:3)
  13 golden dragons
  Jory (Depths:3)
  A pandemonium lord (Zig:3)
  2 bone dragons
  16 tentacled monstrosities
  7 electric golems
  24 Orb Guardians (Zot:5)
  3 liches
  Asterion (Vaults:3)
  8 quicksilver dragons
  3 titans
  3 deep elf blademasters
  2 deep elf master archers (Elf:3)
  6 sphinxes
  9 tengu reavers
  An Executioner (D:1)
  11 death cobs
  Polyphemus (Shoals:4)
  11 ancient champions
  16 storm dragons
  Roxanne (Elf:2)
  Ilsuiw (Shoals:4)
  5 revenants
  3 large abominations (Vaults:5)
  8 nagarajas
  8 draconian monks
  9 shadow dragons
  6 deep elf sorcerers
  2 iron dragons (Depths:4)
  18 frost giants
  12 fire giants
  7 draconian knights
  16 vault wardens
  2 orc warlords
  A ghost moth (Zot:3)
  3 spriggan defenders
  6 draconian scorchers
  An emperor scorpion (Zig:2)
  9 draconian shifters
  4 deep elf elementalists
  21 ironheart preservers
  4 draconian stormcallers
  6 draconian annihilators
  23 very ugly things
  A reaper (D:2)
  An entropy weaver (shapeshifter) (Depths:4)
  11 ghouls
  Nessos (Orc:2)
  13 green draconians
  28 stone giants
  13 deep elf annihilators
  7 deep elf demonologists
  12 vampire knights
  10 black draconians
  A lorocyproca (Depths:5)
  11 white draconians
  14 yellow draconians
  16 red draconians
  13 purple draconians
  7 spark wasps
  16 ettins
  4 merfolk javelineers (Shoals:4)
  A mummy priest (Crypt:3)
  17 deep elf death magi
  3 crystal guardians
  Snorg (Lair:6)
  2 eidola
  6 deep elf high priests
  16 jiangshi
  12 yaktaur captains
  13 fire dragons
  Fannar (Orc:1)
  4 great orbs of eyes
  6 merfolk impalers
  Harold (D:11)
  14 naga warriors
  18 ice dragons
  Erolcha (D:9)
  7 rakshasas
  2 hell beasts
  37 vault guards
  4 hydras
  4 death knights
  7 merfolk aquamancers
  A queen ant (shapeshifter) (Vaults:4)
  6 centaur warriors
  40 two-headed ogres
  3 catoblepae
  6 spriggan air magi
  3 alligator snapping turtles
  26 dancing weapons
  2 death yaks (Shoals:4)
  12 vampire magi
  13 ogre magi
  7 deep troll shamans
  11 deep troll earth magi
  3 satyrs
  3 small abominations (Vaults:5)
  14 anacondas
  12 tengu warriors
  Urug (Lair:2)
  6 orc high priests (Orc:2)
  4 shock serpents
  6 spriggan berserkers
  8 naga sharpshooters
  16 hell knights
  A shock serpent (shapeshifter) (Vaults:5)
  3 sun demons
  19 deep elf knights
  3 iron trolls (Depths:2)
  3 soul eaters
  A titan skeleton (Crypt:3)
  3 salamander mystics
  6 shadow wraiths
  34 skeletal warriors
  A sixfirhy (Depths:3)
  16 sea snakes
  4 flayed ghosts
  A spark wasp zombie (Depths:1)
  A kraken simulacrum (Shoals:4)
  A shadow demon (Depths:3)
  A torturous demonspawn (Orc:2)
  A gelid demonspawn (Orc:2)
  A glowing orange brain (shapeshifter) (Depths:4)
  9 naga ritualists
  6 glowing orange brains
  10 unseen horrors
  4 wizards
  34 deep trolls
  A lindwurm (Vaults:4)
  19 ironbrand convokers
  11 deep elf archers
  12 harpies
  A swamp dragon (shapeshifter) (Depths:2)
  11 phantasmal warriors
  A swamp dragon (Vaults:4)
  14 orc knights
  4 necromancers (Depths:1)
  4 fauns (Shoals:2)
  A fire giant zombie (Depths:1)
  5 wolf spiders
  A stone giant zombie (Crypt:2)
  An orb spider (Zig:2)
  8 orc sorcerers
  A wolf spider (shapeshifter) (Vaults:5)
  62 ugly things
  A sphinx skeleton (Crypt:1)
  60 deep elf magi
  19 mana vipers
  A salamander (shapeshifter) (Depths:2)
  34 moths of wrath
  4 elephants
  13 manticores
  6 cyclopes
  14 salamanders
  An elf zombie (Depths:1)
  8 merfolk sirens
  A stone giant skeleton (Depths:1)
  41 black mambas
  14 vault sentinels
  An eye of devastation (Vaults:4)
  12 guardian serpents
  A guardian serpent (shapeshifter) (Depths:2)
  16 naga magi
  A smoke demon (Orc:2)
  A storm dragon simulacrum (Crypt:3)
  A torpor snail (Vaults:3)
  2 rust devils
  An orange demon (D:11)
  A water nymph (Shoals:4)
  2 gargoyles
  3 rime drakes
  21 spiny frogs
  49 yaktaurs
  A yaktaur (shapeshifter) (D:14)
  A minotaur skeleton (Crypt:2)
  5 wargs
  An efreet (D:14)
  11 freezing wraiths
  A kobold demonologist (D:14)
  An ice devil (Depths:3)
  4 komodo dragons
  A golden dragon simulacrum (Depths:1)
  A hellwing (Depths:3)
  6 tengu conjurers
  A troll (shapeshifter) (Vaults:4)
  2 purple draconian skeletons (Crypt:1)
  8 guardian mummies (Crypt:3)
  2 meliai (shapeshifter)
  A merfolk (shapeshifter) (Depths:3)
  Grinder (D:6)
  A wolf spider simulacrum (D:15)
  An alligator snapping turtle skeleton (Crypt:3)
  2 polar bears
  10 trolls
  21 merfolk
  3 meliai (D:15)
  9 slime creatures
  A hydra skeleton (Crypt:3)
  10 hornets
  17 blink frogs
  10 hippogriffs
  8 wind drakes
  A harpy skeleton (Crypt:1)
  8 snapping turtles
  3 tyrant leeches (Lair:6)
  11 dream sheep (Lair:6)
  A blink frog (shapeshifter) (Elf:3)
  A bog body (Crypt:2)
  A centaur simulacrum (D:15)
  2 fire giant simulacra
  A stone giant simulacrum (Depths:1)
  3 air elementals
  Sigmund (D:4)
  4 spriggans
  43 yaks
  3 ynoxinuls
  An ice dragon skeleton (Crypt:3)
  4 wyverns
  2 tarantellas (shapeshifter)
  10 wraiths
  5 shadows
  9 vampires
  9 water elementals
  A wyvern (shapeshifter) (Depths:2)
  A fire elemental (Elf:3)
  5 basilisks
  A black mamba skeleton (Crypt:3)
  A neqoxec (Depths:3)
  A steam dragon (D:9)
  2 hungry ghosts
  61 nagas
  7 vampire mosquitoes
  Edmund (D:6)
  A warg (shapeshifter) (Vaults:5)
  2 acid dragons
  16 water moccasins
  10 porcupines
  5 sky beasts
  2 hydra simulacra (Crypt:3)
  A monstrous demonspawn skeleton (Crypt:1)
  35 orc warriors
  A gelid demonspawn skeleton (Crypt:2)
  2 ice beasts
  5 black bears
  A black bear (shapeshifter) (Vaults:2)
  3 eyes of draining (Vaults:4)
  3 phantoms
  33 ogres
  3 necrophages (Crypt:2)
  2 boggarts (Elf:1)
  6 wolves
  18 centaurs
  A dream sheep skeleton (Crypt:2)
  14 crocodiles
  5 big kobolds
  26 bullfrogs
  A wyvern zombie (D:14)
  2 earth elementals
  A gnoll sergeant (D:9)
  A komodo dragon skeleton (Crypt:1)
  A water moccasin zombie (D:12)
  3 scorpions
  2 wyvern skeletons
  8 jellies
  10 killer bees
  A warg skeleton (Crypt:1)
  19 wights
  A yak skeleton (Crypt:2)
  5 electric eels
  A howler monkey (shapeshifter) (Depths:2)
  2 howler monkeys
  14 crimson imps
  A bullfrog zombie (D:12)
  2 quasits
  A human simulacrum (Vaults:3)
  3 hounds
  A centaur zombie (D:10)
  31 orc priests
  2 bullfrog skeletons
  5 centaur skeletons
  28 orc wizards
  An iguana (shapeshifter) (Depths:2)
  3 iguanas
  A human skeleton (Crypt:2)
  Ijyb (D:4)
  A lightning spire (Zot:1)
  8 worker ants
  A deep dwarf zombie (Crypt:2)
  An acid dragon skeleton (Crypt:1)
  A felid skeleton (Crypt:3)
  A mummy (Crypt:3)
  A worker ant zombie (D:7)
  5 gnolls (D:9)
  27 adders
  10 river rats
  5 shadow imps
  2 ufetubi (Depths:3)
  7 oozes
  A halfling zombie (Crypt:2)
  2 adder skeletons
  An adder zombie (D:5)
  4 worms
  A dart slug (D:1)
  4 leopard geckos
  107 orcs
  3 giant cockroaches
  2 goblins
  6 hobgoblins
  7 jackals
  22 kobolds
  4 quokkas
  16 ball pythons
  3 bats
  3 frilled lizards
  A gnoll zombie (Crypt:2)
  A hobgoblin skeleton (Crypt:3)
  A hobgoblin zombie (Crypt:2)
  A leopard gecko skeleton (Crypt:2)
  A quokka zombie (D:5)
  24 rats
  A rat zombie (Crypt:1)
  3 crawling corpses (Vaults:5)
  2 fungi (Depths:4)
  A plant (Shoals:2)
2541 creatures vanquished.

Vanquished Creatures (collateral kills)
  An Orb Guardian (Zot:5)
  5 hydras
  A two-headed ogre (D:11)
  A salamander mystic (Snake:3)
  A komodo dragon (Lair:1)
  A wind drake (Shoals:3)
  A tyrant leech (Lair:6)
  2 blink frogs (Lair:6)
  2 hippogriffs
  A wyvern (D:10)
  A yak (Lair:6)
  2 vampire mosquitoes (Lair:6)
  3 nagas
  A water moccasin (Lair:6)
  A bullfrog (Lair:1)
  2 orc priests
  3 orc wizards (D:10)
  A jelly (D:10)
  An adder (Lair:2)
  2 orcs (D:10)
  A plant (Lair:2)
34 creatures vanquished.

Vanquished Creatures (others)
  A sphinx (Crypt:3)
  A corrupter (Zig:3)
  A death knight (Vaults:2)
  A shadow wraith (Crypt:3)
  A deep elf mage (Vaults:4)
  An orange demon (Zig:3)
  A hornet (D:11)
  40 fungi
  90 plants
137 creatures vanquished.

Grand Total: 2712 creatures vanquished

Levels and vault maps discovered:
D:1:      lemuel_arrival_broad_hall, layout_rooms, feat_on_display
D:2:      layout_basic, nicolae_dithmenos_shadow_blocks
D:3:      layout_loops_corners, first_ration, corner_web_ring,
          kennysheep_generic_room_11
D:4:      layout_basic, nicolae_tso_swordbearing_angel, uniq_ijyb, uniq_sigmund
D:5:      layout_basic, portal_sewer_entry_a
D:6:      layout_basic, uniq_grinder, uniq_edmund
D:7:      layout_basic, minmay_temple_entry_stoned_glass, serial_shops, shop
D:8:      layout_basic, hangedman_little_slice_of_home
D:9:      layout_roguey, david_lair_generic, uniq_erolcha
D:10:     layout_gridville, erik_orc_4
D:11:     layout_loops_ring, uniq_harold, uniq_maurice
D:12:     layout_basic, chequers_hall_statues_wall_a
D:13:     layout_long_grid, serial_shops, kennysheep_mini
D:14:     layout_loops_ring, skrybe_vaults_entry_preservation, serial_shops,
          shop
D:15:     grunt_enter_depths_giant_problem, layout_basic, serial_curves,
          eino_curves_03, eino_curves_03, eino_curves_02, eino_curves_01,
          serial_shops, nicolae_shop_trees, st_stairs_6
Temple:   dpeg_three_leaves_temple
Lair:1:   layout_gridlike
Lair:2:   minmay_lair_venomous_thicket, layout_loops_ring,
          elwin_shoals_entry_rooms, guppyfry_snake_entry_garden,
          chequers_serial_rivers_room_a, serial_bayou_shore_b,
          lemuel_fruit_fields, uniq_urug
Lair:3:   layout_gridlike, grunt_megastairs_5, infiniplex_staircase_pool_2
Lair:4:   minmay_guarded_unrand_snakebite, layout_loops_ring,
          infiniplex_staircase_pool
Lair:5:   layout_cave_pods, forest_entry_grove, uniq_sonja
Lair:6:   minmay_lair_end_frog_pond, layout_small_grid, slime_altar_2,
          lemuel_fruit_tree, uniq_snorg
Shoals:1: layout_shoals
Shoals:2: layout_shoals
Shoals:3: layout_shoals
Shoals:4: shoals_end_grunt_ice, layout_shoals, shoal_ilsuiw, uniq_polyphemus
Snake:1:  layout_misc_corridors
Snake:2:  layout_onion
Snake:3:  nrook_guardian_serpent_snake_passage, layout_cave_town,
          uniq_saint_roka
Snake:4:  grunt_snake_rune_pools, layout_cave_town, nicolae_snake_linked_coils,
          grunt_ministairs_14, minmay_shop_grove, uniq_nikola
Orc:1:    layout_caves, uniq_fannar
Orc:2:    pf_orc_diabolical, layout_diamond_mine, nicolae_orc_flooded_monolith,
          uniq_nessos
Elf:1:    eino_elf_arrival_the_gate, layout_loops_corners,
          hangedman_elf_disciples
Elf:2:    layout_loops_corners, uniq_roxanne
Elf:3:    grunt_elf_hall_branching, layout_gridlike
Vaults:1: hangedman_vaults_maws, nicolae_vaults_ring_of_whatevers,
          ontoclasm_vaults_pinch, vaults_mumra_lcd, layout_vaults_omnigrid,
          serial_shops, shop
Vaults:2: v_misc_14, nicolae_vaults_theta, v_misc_22,
          minmay_crypt_entry_simple_statues, nicolae_vaults_little_squares_4,
          hangedman_vaults_trim, vaults_room_grid,
          vaults_mumra_minichess_inversion, vaults_room_pool,
          layout_vaults_chaotic_city, serial_shops, shop_statue
Vaults:3: v_misc_26, v_misc_33, nicolae_vaults_little_squares_1,
          nicolae_vaults_inception_corners, vaults_standard_mumra_x,
          nicolae_vaults_little_squares_5, v_alt_pattern_6,
          nicolae_vaults_big_ls, nicolae_vaults_ring_of_whatevers,
          nicolae_vaults_little_squares_4, layout_vaults_big_cross,
          serial_shops, shop, uniq_asterion
Vaults:4: st_greater_box_5, nicolae_vaults_little_squares_4,
          ontoclasm_vaults_shuriken, nicolae_vaults_disjoint_gnomons,
          vaults_dpeg_ring, vaults_dpeg_diagonal,
          nicolae_vaults_mini_display_case, serial_ice_h, vaults_mumra_hexcomb,
          hangedman_vaults_restitches, nicolae_vaults_theta,
          layout_vaults_maze_snakey
Vaults:5: serial_shops
Crypt:1:  layout_rooms, st_stairs_10, grunt_ministairs_3, uniq_margery,
          uniq_boris
Crypt:2:  layout_misc_corridors, st_small_mortuary
Crypt:3:  lightli_unholy_cathedral, layout_chaotic_city,
          tomb_entry_sphere_bobbens
Depths:1: minmay_angry_zag, layout_basic, enter_ziggurat_e,
          hangedman_abyss_or_decor_slice, hell_entry, abyss_entry, minivault_16,
          tgw_lugonu_bribe
Depths:2: minmay_the_grid_triangle_9x9_rhombus_thin_mashed
          [minmay_the_grid_triangle_9x9_steps,
          minmay_the_grid_triangle_9x9_prize_top_heavy,
          minmay_the_grid_triangle_9x9_flanged_cone,
          minmay_the_grid_triangle_9x9_negative_grid], layout_cave_shapes,
          hell_entry, pan_entry, minmay_staircase_statues, grunt_megastairs_4,
          firewood_loft
Depths:3: evilmike_diamond_2, layout_cave_pools, serial_glass, glass_columns_a,
          glass_columns_a, glass_columns_a, glass_columns_b, glass_columns_a,
          glass_columns_a, glass_columns_b, glass_columns_b,
          due_unseen_surprise, grunt_pan_entry_spiral, serial_shops,
          bzr_entry_gold, nicolae_shop_crystal, nicolae_shop_statue_plus,
          grunt_decor_fettered, hell_entry, abyss_entry, uniq_jory, uniq_mennas
Depths:4: hangedman_slaughterboxes, hell_entry, abyss_entry
Depths:5: grunt_zot_entry_alcove, layout_long_grid, ashenzari_altar_1,
          hell_entry
Zot:1:    layout_concentric_octagons, amethyst_zot_foddershock,
          grunt_megastairs_1
Zot:2:    layout_misc_corridors
Zot:3:    layout_basic
Zot:4:    kennysheep_six_static_rooms, layout_misc_corridors, st_stairs_8,
          hangedman_zot_decor_checkerboard, st_small_dragon_hoard_2
Zot:5:    layout_basic


Message History

You hit the Executioner but do no damage.
The Executioner hits you but does no damage.
You block the Executioner's attack.
The Executioner hits you but does no damage.
You open the Executioner like a pillowcase!!!
The Executioner is severely wounded.
The Executioner gestures at you. You resist with almost no effort.
You slash the Executioner!
The Executioner is almost dead.
The Executioner gestures.
The Executioner seems to speed up.
You block the Executioner's attack. The Executioner misses you.
The Executioner hits you but does no damage.
You slice the Executioner!!
You kill the Executioner!
Makhleb accepts your kill.
No target in view!
There is a staircase leading out of the dungeon here.
You have escaped!

Notes
Turn   | Place    | Note
-------+----------+-------------------------------------------
     0 | D:1      | bmfx the Formicid Earth Elementalist began the quest for
                  | the Orb.
     0 | D:1      | Reached XP level 1. HP: 13/13 MP: 3/3
   241 | D:1      | Reached XP level 2. HP: 19/19 MP: 2/5
   246 | D:1      | Learned a level 2 spell: Passwall
   546 | D:2      | Reached XP level 3. HP: 21/24 MP: 1/7
   653 | D:1      | Learned a level 3 spell: Stone Arrow
   930 | D:2      | Found a shadowy altar of Dithmenos.
  1311 | D:3      | Reached skill level 1 in Conjurations
  1311 | D:3      | Reached XP level 4. HP: 17/30 MP: 0/9
  1753 | D:3      | Reached XP level 5. HP: 35/35 MP: 7/10
  2144 | D:3      | Reached skill level 5 in Earth Magic
  2321 | D:4      | Learned a level 4 spell: Petrify
  2377 | D:4      | Noticed an ogre
  2399 | D:4      | Killed an ogre
  2399 | D:4      | Reached XP level 6. HP: 41/41 MP: 10/12
  2615 | D:4      | Noticed Sigmund
  2626 | D:4      | Killed Sigmund
  2626 | D:4      | Reached skill level 5 in Spellcasting
  2626 | D:4      | Reached XP level 7. HP: 46/46 MP: 11/14
  2969 | D:4      | Found a glowing golden altar of the Shining One.
  2969 | D:4      | Noticed Ijyb
  2978 | D:4      | Killed Ijyb
  3125 | D:5      | Entered Level 5 of the Dungeon
  3284 | D:5      | Reached XP level 8. HP: 52/52 MP: 14/16
  3328 | D:5      | Found a glowing drain.
  3352 | Sewer    | Entered a sewer
  3936 | Sewer    | Reached skill level 1 in Evocations
  4591 | D:5      | Learned a level 5 spell: Lee's Rapid Deconstruction
  5254 | D:6      | Noticed Edmund
  5261 | D:6      | Noticed Grinder
  5277 | D:6      | Killed Grinder
  5366 | D:6      | Reached XP level 9. HP: 57/57 MP: 15/18
  5426 | D:6      | Reached skill level 5 in Evocations
  6138 | D:7      | Found a staircase to the Ecumenical Temple.
  6143 | D:7      | Noticed a hornet
  6146 | D:7      | Reached skill level 10 in Earth Magic
  6150 | D:7      | Killed a hornet
  6156 | Temple   | Entered the Ecumenical Temple
  6166 | Temple   | Became a worshipper of Makhleb the Destroyer
  6993 | D:7      | Found Ryrudin's Weapon Shop.
  8005 | D:7      | Reached XP level 10. HP: 71/71 MP: 11/19
  8193 | D:8      | Reached skill level 5 in Dodging
  8295 | D:8      | Reached skill level 1 in Short Blades
  8637 | D:8      | Reached * piety under Makhleb
  9908 | D:9      | Noticed Erolcha
 10585 | D:9      | Found a staircase to the Lair.
 10585 | D:9      | Noticed an elephant
 10638 | D:9      | Killed an elephant
 10986 | D:9      | Reached ** piety under Makhleb
 11348 | D:10     | Entered Level 10 of the Dungeon
 11354 | D:10     | Noticed a gargoyle
 11360 | D:10     | Reached XP level 11. HP: 70/77 MP: 16/23
 11598 | D:10     | Reached skill level 1 in Shields
 11669 | D:10     | Noticed a two-headed ogre
 11677 | D:10     | Killed a two-headed ogre
 11678 | D:10     | Noticed a two-headed ogre
 11689 | D:10     | Killed a two-headed ogre
 11846 | D:10     | Found a staircase to the Orcish Mines.
 12078 | D:10     | Reached *** piety under Makhleb
 12078 | D:10     | Reached skill level 5 in Shields
 12794 | D:10     | Got a pitted lead ring
 12796 | D:10     | Identified the ring "Kukk" {Int+6 Stlth-} (You found it on
                  | level 10 of the Dungeon)
 13403 | D:11     | Noticed Harold
 13780 | D:11     | Reached **** piety under Makhleb
 14202 | D:11     | Reached skill level 1 in Invocations
 14494 | D:11     | Noticed Maurice
 14495 | D:11     | Noticed Maurice
 14495 | D:11     | Maurice changed into Maurice the ogre
 14498 | D:11     | Killed Maurice the ogre
 14538 | D:11     | Noticed a two-headed ogre
 14555 | D:10     | Reached XP level 12. HP: 83/83 MP: 24/24
 14699 | D:6      | Killed Edmund
 15174 | Lair:1   | Entered Level 1 of the Lair of Beasts
 15254 | Lair:1   | Reached skill level 5 in Invocations
 15653 | Lair:1   | Reached skill level 5 in Fighting
 15738 | Lair:1   | Noticed a six-headed hydra
 15758 | Lair:1   | Killed a six-headed hydra
 16007 | Lair:1   | Noticed an eight-headed hydra
 16015 | Lair:1   | Killed an eight-headed hydra
 16611 | Lair:2   | Reached skill level 5 in Stealth
 16998 | Lair:2   | Found a staircase to the Shoals.
 17791 | Lair:2   | Noticed Urug
 17813 | Lair:2   | Killed Urug
 17908 | Lair:2   | Found a staircase to the Snake Pit.
 18015 | Lair:2   | Reached XP level 13. HP: 96/96 MP: 18/25
 18867 | Lair:3   | Noticed a four-headed hydra
 19750 | Lair:4   | Noticed a seven-headed hydra
 19914 | Lair:4   | Reached skill level 15 in Earth Magic
 20098 | Lair:4   | Found the +8 whip "Snakebite" {curare, rPois}
 20242 | Lair:4   | Noticed a five-headed hydra
 20262 | Lair:4   | Killed a five-headed hydra
 21092 | Lair:4   | Killed a seven-headed hydra
 21092 | Lair:4   | Reached skill level 10 in Shields
 21230 | Lair:5   | Noticed Sonja
 21231 | Lair:5   | Noticed Sonja
 21231 | Lair:5   | Sonja changed into Sonja the big kobold
 21253 | Lair:5   | Killed Sonja the big kobold
 21675 | Lair:5   | Identified a scroll of acquirement
 21676 | Lair:5   | Got the amulet of Merch {RegenMP Int+7}
 22389 | Lair:6   | Entered Level 6 of the Lair of Beasts
 22782 | Lair:6   | Reached skill level 1 in Armour
 22829 | Lair:6   | Reached XP level 14. HP: 105/105 MP: 24/26
 23098 | Lair:6   | Reached skill level 5 in Short Blades
 23658 | Lair:6   | Found a runed translucent door.
 23658 | Lair:6   | Found a viscous altar of Jiyva.
 23658 | Lair:6   | Noticed an acid blob
 23674 | Lair:6   | Found a staircase to the Slime Pits.
 23674 | Lair:6   | Noticed an acid blob
 23717 | Lair:6   | Reached skill level 10 in Fighting
 24036 | Lair:6   | Noticed Snorg
 24049 | Lair:6   | Killed Snorg
 24487 | Lair:6   | Got a warped flail
 24488 | Lair:6   | Identified the +2 flail of Zin's Fury {speed, +Rage rElec
                  | MR- SInv} (You found it on level 6 of the Lair of Beasts)
 25632 | D:9      | Killed Erolcha
 25632 | D:9      | Reached skill level 5 in Armour
 25768 | D:8      | Reached ***** piety under Makhleb
 26175 | D:11     | Killed Harold
 27294 | D:12     | Reached XP level 15. HP: 115/115 MP: 27/27
 27371 | D:13     | Found Acatwel's Food Shoppe.
 28462 | D:14     | Reached skill level 10 in Armour
 28673 | D:14     | Found Ujacket's Magic Scroll Shop.
 28688 | D:14     | Bought a scroll of fog for 22 gold pieces
 29268 | D:14     | Found a gate to the Vaults.
 29338 | D:14     | Noticed an ironheart preserver
 29363 | D:14     | Killed an ironheart preserver
 29433 | D:15     | Entered Level 15 of the Dungeon
 29465 | D:15     | Found a staircase to the Depths.
 29465 | D:15     | Noticed a fire giant
 29471 | D:15     | Killed a fire giant
 29650 | D:15     | Reached skill level 1 in Long Blades
 29701 | D:15     | Found Xeppiata's Distillery.
 29706 | D:15     | Bought a potion of heal wounds for 75 gold pieces
 29706 | D:15     | Bought a potion of might for 60 gold pieces
 29706 | D:15     | Bought a potion of might for 60 gold pieces
 29706 | D:15     | Bought a potion of resistance for 150 gold pieces
 30358 | D:15     | Reached ****** piety under Makhleb
 30572 | D:15     | Reached XP level 16. HP: 124/124 MP: 6/28
 30798 | Orc:1    | Entered Level 1 of the Orcish Mines
 30798 | Orc:1    | Noticed Fannar
 30801 | Orc:2    | Entered Level 2 of the Orcish Mines
 30832 | Orc:2    | Noticed Nessos
 30841 | Orc:2    | Killed Nessos
 31106 | Orc:1    | Killed Fannar
 31106 | Orc:1    | Reached skill level 5 in Long Blades
 32115 | Orc:2    | Found a staircase to the Elven Halls.
 32589 | Orc:2    | Found Fysyahis's Distillery.
 32772 | Orc:2    | Found Buas's Food Shop.
 33370 | Orc:2    | Found Jymerr's Antique Armour Shoppe.
 33370 | Orc:2    | Found Keuczunn's Gadget Emporium.
 33370 | Orc:2    | Found a one-way gate leading to the halls of Pandemonium.
 33372 | Orc:2    | Bought a pair of runed boots for 225 gold pieces
 33631 | Shoals:1 | Entered Level 1 of the Shoals
 33651 | Shoals:1 | Got a tattered robe
 33652 | Shoals:1 | Identified the +0 robe of Zoxuacay {+Blink Dex-4 SInv
                  | Stlth+} (You found it on level 1 of the Shoals)
 34081 | Shoals:1 | Reached skill level 10 in Long Blades
 35365 | Shoals:2 | Reached XP level 17. HP: 131/131 MP: 29/29
 37136 | Shoals:4 | Entered Level 4 of the Shoals
 37312 | Snake:1  | Entered Level 1 of the Snake Pit
 37683 | Snake:1  | Learned a level 5 spell: Borgnjor's Vile Clutch
 40633 | Snake:2  | Reached skill level 15 in Long Blades
 40806 | Snake:3  | Noticed Saint Roka
 40837 | Snake:3  | Killed Saint Roka
 40837 | Snake:3  | Reached XP level 18. HP: 112/139 MP: 30/30
 41211 | Snake:3  | Identified the ring "Episosaj" {Wiz Str+2 Dex+2}
 41827 | Snake:3  | Got a jet-encrusted chain mail
 42430 | Snake:3  | Identified the +5 chain mail of a ziggurat {rN+ rCorr} (You
                  | found it on level 3 of the Snake Pit)
 42451 | Snake:4  | Entered Level 4 of the Snake Pit
 42451 | Snake:4  | Noticed Nikola
 42464 | Snake:4  | Killed Nikola
 43069 | Snake:4  | Found Wuwkugiu's Gadget Boutique.
 43069 | Snake:4  | Found Semud's Jewellery Emporium.
 43070 | Snake:4  | Found Ocuddi's Jewellery Emporium.
 43926 | Snake:4  | Reached skill level 15 in Armour
 44054 | Snake:4  | Reached XP level 19. HP: 146/146 MP: 31/31
 45084 | Snake:4  | Got a serpentine rune of Zot
 45342 | Vaults:1 | Entered Level 1 of the Vaults
 45597 | Vaults:1 | Reached skill level 15 in Shields
 45631 | Vaults:1 | Found Rori's Weapon Boutique.
 47068 | Vaults:2 | Reached skill level 10 in Evocations
 47147 | Vaults:2 | Reached XP level 20. HP: 153/153 MP: 32/32
 47535 | Vaults:2 | You fall into a shaft and drop 1 floor!
 48012 | Vaults:3 | Found Hiokhlao's Armour Emporium.
 48707 | Vaults:2 | Found Kigeabits's Food Shoppe.
 48770 | Vaults:2 | Reached skill level 15 in Fighting
 49614 | Vaults:2 | Found a staircase to the Crypt.
 50003 | Vaults:3 | Reached skill level 10 in Invocations
 50009 | Vaults:3 | Reached XP level 21. HP: 168/168 MP: 33/33
 50187 | Vaults:3 | Identified the cursed +0 kite shield of the Harp {Stlth+}
 50187 | Vaults:3 | Noticed Asterion
 50197 | Vaults:3 | Killed Asterion
 52070 | Vaults:4 | Reached XP level 22. HP: 101/175 MP: 34/34
 52378 | Vaults:4 | Identified the Guide on the Icy Birds
 52812 | Orc:2    | Bought the +15 Maxwell's patent armour {-Cast -Tele rElec
                  | MR+ rCorr} for 3222 gold pieces
 52812 | Orc:2    | Found the +15 Maxwell's patent armour {-Cast -Tele rElec
                  | MR+ rCorr}
 52881 | Elf:1    | Entered Level 1 of the Elven Halls
 53759 | Snake:4  | Bought the amulet "Zojuk" {RegenMP Fragile rPois Dex+4
                  | Slay+3} for 679 gold pieces
 54258 | Elf:2    | Noticed Roxanne
 54408 | Elf:2    | Found a runed translucent gate.
 54408 | Elf:2    | Found a runed translucent gate.
 54414 | Elf:2    | Found a runed translucent gate.
 54691 | Elf:2    | Got a twisted robe
 55715 | Elf:3    | Entered Level 3 of the Elven Halls
 56015 | Elf:2    | Killed Roxanne
 56457 | Elf:3    | Reached XP level 23. HP: 190/190 MP: 35/35
 56820 | Elf:3    | Identified the +1 scale mail of Docous {Int+6}
 57012 | Elf:3    | Identified the ring "Sus Afin" {Ice Slay+3}
 57255 | Elf:3    | Identified the amulet "Zorchis" {Inacc Dex+5 SInv} (You
                  | found it on level 3 of the Elven Halls)
 57342 | Elf:3    | Identified the +8 halberd "Horibis" {vorpal, +Fly rF+ Str+2
                  | Dex-3}
 58053 | Depths:1 | Entered Level 1 of the Depths
 58329 | Depths:1 | Found a gateway to a ziggurat.
 58623 | Depths:1 | Found a one-way gate to the infinite horrors of the Abyss.
 58731 | Depths:1 | Found a gateway to Hell.
 58795 | Depths:1 | Found a corrupted altar of Lugonu.
 59172 | Depths:2 | Reached XP level 24. HP: 197/197 MP: 35/35
 60400 | Depths:2 | Got a pitted plate armour
 60716 | Depths:3 | Found a flickering gateway to a bazaar.
 60733 | Depths:3 | Noticed Mennas
 60735 | Bazaar   | Entered a bazaar
 60735 | Bazaar   | Found Peicair's Antique Weapon Boutique.
 60771 | Bazaar   | Found Puhod's General Store.
 60779 | Bazaar   | Found Syderph's Jewellery Shoppe.
 60802 | Bazaar   | Found Ruav's Distillery.
 60802 | Bazaar   | Found Joakafe's Antique Armour Emporium.
 60810 | Bazaar   | Bought a potion of heal wounds for 55 gold pieces
 60810 | Bazaar   | Bought a potion of heal wounds for 55 gold pieces
 60810 | Bazaar   | Bought a potion of might for 44 gold pieces
 60810 | Bazaar   | Bought a potion of resistance for 110 gold pieces
 60810 | Bazaar   | Bought a potion of curing for 33 gold pieces
 60810 | Bazaar   | Bought a potion of invisibility for 88 gold pieces
 60829 | Depths:3 | You fall into a shaft and drop 2 floors!
 60829 | Depths:5 | Entered Level 5 of the Depths
 61014 | Depths:4 | Found a glowing golden altar of the Shining One.
 61015 | Depths:4 | Found an opulent altar of Gozag.
 61016 | Depths:4 | Found a stormy altar of Qazlal.
 61456 | Depths:4 | Reached XP level 25. HP: 204/204 MP: 35/35
 61522 | Depths:3 | Noticed Jory
 61537 | Depths:3 | Killed Jory
 61544 | Depths:3 | Found Vuli Xos's Book Shoppe.
 61927 | Depths:3 | You fall into a shaft and drop 1 floor!
 62094 | Depths:3 | Found Ickucs's Distillery.
 62102 | Depths:3 | Bought a potion of heal wounds for 85 gold pieces
 62261 | Depths:3 | Killed Mennas
 62804 | Depths:3 | Identified the +5 quarterstaff of the Five Brambles
                  | {vorpal, +Fly MP+9 Int-5 SInv}
 63215 | Depths:4 | Noticed a caustic shrike
 63225 | Depths:4 | Killed a caustic shrike
 63225 | Depths:4 | Noticed a caustic shrike
 63227 | Depths:4 | Noticed a caustic shrike
 63230 | Depths:4 | Killed a caustic shrike
 63242 | Depths:4 | Killed a caustic shrike
 64069 | Depths:5 | Reached XP level 26. HP: 216/216 MP: 35/35
 64079 | Depths:5 | Found a shattered altar of Ashenzari.
 64469 | Depths:5 | Found a gate to the Realm of Zot.
 65167 | Depths:4 | Identified the +8 plate armour "Lurch" {Slay+3 SInv} (You
                  | found it on level 2 of the Depths)
 65563 | Depths:4 | Identified the +0 plate armour of Virtue {*Contam rF+ rC+++
                  | rN+}
 65563 | Depths:4 | Identified the ring "Nuiwkufo" {rF+ MR+}
 65573 | Depths:4 | Noticed a juggernaut
 65804 | Depths:4 | Killed a juggernaut
 66277 | Depths:4 | Identified the ring of Eternity {rN+ Str+2 Int+2} (You
                  | found it on level 4 of the Depths)
 66282 | Depths:4 | Identified the +3 fustibalus "Hebal" {venom, Dex+4} (You
                  | found it on level 4 of the Depths)
 66536 | Crypt:1  | Entered Level 1 of the Crypt
 66550 | Crypt:1  | Reached XP level 27. HP: 229/229 MP: 35/35
 66696 | Crypt:1  | Noticed Boris
 66717 | Crypt:1  | Killed Boris
 66742 | Crypt:1  | Noticed Margery
 66749 | Crypt:1  | Killed Margery
 67185 | Crypt:2  | Reached skill level 10 in Dodging
 68211 | Crypt:3  | Entered Level 3 of the Crypt
 68894 | Crypt:3  | Found a basalt altar of Yredelemnul.
 68922 | Crypt:3  | Found an ancient bone altar of Kikubaaqudgha.
 68924 | Crypt:3  | Found the +12 Vampire's Tooth {vamp}
 68950 | Crypt:3  | Got a slimy tin ring
 68950 | Crypt:3  | Got a heavily runed steel ring
 68950 | Crypt:3  | Got a scintillating jade ring
 68966 | Crypt:3  | Identified the ring "Miek" {+Blink rN+} (You found it on
                  | level 3 of the Crypt)
 68967 | Crypt:3  | Identified the ring "Hufuall Nypo" {rF+ rN+} (You found it
                  | on level 3 of the Crypt)
 68968 | Crypt:3  | Identified the ring of Ephemeral Luck {rF+ rN+ Stlth+} (You
                  | found it on level 3 of the Crypt)
 68999 | Crypt:3  | Found the +2 Maxwell's thermic engine {flame, freeze}
 69497 | Crypt:3  | Found a staircase to the Tomb.
 70162 | Shoals:4 | Noticed Ilsuiw
 70302 | Shoals:4 | Killed Ilsuiw
 70411 | Shoals:4 | Got a barnacled rune of Zot
 70637 | Shoals:4 | Noticed Polyphemus
 70682 | Shoals:4 | Killed Polyphemus
 70763 | Shoals:4 | Reached skill level 15 in Dodging
 70809 | Shoals:4 | Identified the amulet "Birargh" {RegenMP rC+} (You found it
                  | on level 4 of the Shoals)
 71361 | Vaults:5 | Entered Level 5 of the Vaults
 71661 | Vaults:5 | Noticed an ancient lich
 71671 | Vaults:5 | Killed an ancient lich
 71777 | Vaults:5 | Identified the +5 chain mail "Zic Duek" {SInv} (You found
                  | it on level 5 of the Vaults)
 72637 | Vaults:5 | Got a transparent plate armour
 72649 | Vaults:5 | Identified the +1 plate armour of Nil Yrch {rPois Str+4
                  | Dex+4} (You found it on level 5 of the Vaults)
 72654 | Vaults:5 | Got a silver rune of Zot
 72728 | Vaults:5 | Found the +10 dark maul {vorpal}
 73367 | Zig:1    | Entered Level 1 of a ziggurat
 73390 | Zig:2    | Entered Level 2 of a ziggurat
 73432 | Zig:3    | Entered Level 3 of a ziggurat
 73435 | Zig:3    | Noticed Wuexewk the pandemonium lord
 73450 | Zig:3    | Killed Wuexewk the pandemonium lord
 73458 | Zig:3    | Got a fading leather armour
 73806 | Snake:4  | Bought the amulet of the Air {Inacc +Fly rElec EV+5 RMsl}
                  | for 856 gold pieces
 73806 | Snake:4  | Found the amulet of the Air {Inacc +Fly rElec EV+5 RMsl}
 74257 | Zot:1    | Entered Level 1 of the Realm of Zot
 74306 | Zot:1    | Noticed an orb of fire
 74343 | Zot:1    | Gained mutation: You are weak. (Str -2) [an orb of fire]
 74347 | Zot:1    | Killed an orb of fire
 74774 | Zot:1    | Reached skill level 15 in Invocations
 76031 | Zot:2    | You fall into a shaft and drop 1 floor!
 76271 | Zot:3    | Noticed an orb of fire
 76298 | Zot:3    | Killed an orb of fire
 76727 | Zot:3    | Noticed a Killer Klown
 76730 | Zot:3    | You fall into a shaft and drop 1 floor!
 76863 | Zot:3    | Killed a Killer Klown
 78226 | Zot:4    | Identified the Papyrus of Arcane Weapons
 79317 | Zot:5    | Entered Level 5 of the Realm of Zot
 80116 | Zot:5    | Noticed an ancient lich
 80125 | Zot:5    | Killed an ancient lich
 80141 | Zot:5    | Noticed a Killer Klown
 80149 | Zot:5    | Noticed an orb of fire
 80149 | Zot:5    | Noticed an orb of fire
 80151 | Zot:5    | Gained mutation: You do not regenerate when monsters are
                  | visible. [an orb of fire]
 80152 | Zot:5    | Noticed a Killer Klown
 80189 | Zot:5    | Gained mutation: You are clumsy. (Dex -2) [an orb of fire]
 80197 | Zot:5    | Gained mutation: You are very clumsy. (Dex -4) [an orb of
                  | fire]
 80198 | Zot:5    | Killed an orb of fire
 80224 | Zot:5    | Gained mutation: Your magical capacity is low. (-10% MP)
                  | [an orb of fire]
 80238 | Zot:5    | Gained mutation: Scrolls take you a little longer to read.
                  | [an orb of fire]
 80240 | Zot:5    | Gained mutation: Scrolls take you longer to read. [an orb
                  | of fire]
 80261 | Zot:5    | Gained mutation: Your spells are a little easier to cast,
                  | but a little less powerful. [an orb of fire]
 80264 | Zot:5    | Killed an orb of fire
 80296 | Zot:5    | Noticed a Killer Klown
 80302 | Zot:5    | Noticed an orb of fire
 80321 | Zot:5    | Killed an orb of fire
 80321 | Zot:5    | Noticed an orb of fire
 80323 | Zot:5    | Gained mutation: Your body sometimes deteriorates upon
                  | taking damage. [an orb of fire]
 80326 | Zot:5    | Gained mutation: You are dopey. (Int -2) [an orb of fire]
 80329 | Zot:5    | Gained mutation: You are very dopey. (Int -4) [an orb of
                  | fire]
 80338 | Zot:5    | Killed an orb of fire
 80340 | Zot:5    | Noticed an ancient lich
 80347 | Zot:5    | Killed an ancient lich
 80349 | Zot:5    | Noticed an ancient lich
 80353 | Zot:5    | Killed an ancient lich
 80360 | Zot:5    | Killed a Killer Klown
 80361 | Zot:5    | Noticed an ancient lich
 80365 | Zot:5    | Killed an ancient lich
 80368 | Zot:5    | Noticed a Killer Klown
 80383 | Zot:5    | Killed a Killer Klown
 80395 | Zot:5    | Noticed a Killer Klown
 80395 | Zot:5    | Noticed a Killer Klown
 80395 | Zot:5    | Noticed a Killer Klown
 80417 | Zot:5    | Killed a Killer Klown
 80425 | Zot:5    | Killed a Killer Klown
 80433 | Zot:5    | Killed a Killer Klown
 80437 | Zot:5    | Killed a Killer Klown
 80439 | Zot:5    | Killed a Killer Klown
 80444 | Zot:5    | Noticed a Killer Klown
 80455 | Zot:5    | Killed a Killer Klown
 80719 | Depths:3 | Bought a potion of mutation for 136 gold pieces
 80719 | Depths:3 | Bought a potion of curing for 51 gold pieces
 80719 | Depths:3 | Bought a potion of mutation for 136 gold pieces
 80808 | Depths:1 | Lost mutation: Scrolls take you longer to read. [potion of
                  | mutation]
 80808 | Depths:1 | Lost mutation: Your magical capacity is low. (-10% MP)
                  | [potion of mutation]
 80808 | Depths:1 | Lost mutation: Scrolls take you a little longer to read.
                  | [potion of mutation]
 80808 | Depths:1 | Gained mutation: You are partially covered in rugged brown
                  | scales. (AC +1, +3% HP) [potion of mutation]
 80808 | Depths:1 | Lost mutation: You are weak. (Str -2) [potion of mutation]
 80808 | Depths:1 | Lost mutation: You are very dopey. (Int -4) [potion of
                  | mutation]
 80809 | Depths:1 | Lost mutation: You are dopey. (Int -2) [potion of mutation]
 80809 | Depths:1 | Lost mutation: You are partially covered in rugged brown
                  | scales. (AC +1, +3% HP) [potion of mutation]
 80809 | Depths:1 | Lost mutation: Your body sometimes deteriorates upon taking
                  | damage. [potion of mutation]
 80809 | Depths:1 | Lost mutation: Your spells are a little easier to cast, but
                  | a little less powerful. [potion of mutation]
 80809 | Depths:1 | Gained mutation: You are surrounded by a mild repulsion
                  | field. (EV +2) [potion of mutation]
 80809 | Depths:1 | Gained mutation: You are partially covered in large bone
                  | plates. (SH +4) [potion of mutation]
 80809 | Depths:1 | Gained mutation: You are partially covered in molten
                  | scales. (AC +2) [potion of mutation]
 80809 | Depths:1 | Gained mutation: You are resistant to hostile enchantments.
                  | (MR+) [potion of mutation]
 81696 | Orc:2    | Bought a potion of heal wounds for 75 gold pieces
 81696 | Orc:2    | Bought a potion of heal wounds for 75 gold pieces
 81696 | Orc:2    | Bought a potion of invisibility for 120 gold pieces
 81696 | Orc:2    | Bought a potion of curing for 45 gold pieces
 81696 | Orc:2    | Bought a potion of curing for 45 gold pieces
 82664 | Zot:5    | Noticed an orb of fire
 82680 | Zot:5    | Gained mutation: You are dopey. (Int -2) [an orb of fire]
 82681 | Zot:5    | Gained mutation: Armour fits poorly on your strangely
                  | shaped body. [an orb of fire]
 82682 | Zot:5    | Gained mutation: Your body sometimes deteriorates upon
                  | taking damage. [an orb of fire]
 82684 | Zot:5    | Gained mutation: You are frail. (-10% HP) [an orb of fire]
 82690 | Zot:5    | Gained mutation: Scrolls take you a little longer to read.
                  | [an orb of fire]
 82691 | Zot:5    | Gained mutation: Your spells are a little easier to cast,
                  | but a little less powerful. [an orb of fire]
 82711 | Zot:5    | Killed an orb of fire
 82728 | Zot:5    | Lost mutation: Your spells are a little easier to cast, but
                  | a little less powerful. [potion of mutation]
 82728 | Zot:5    | Lost mutation: Scrolls take you a little longer to read.
                  | [potion of mutation]
 82728 | Zot:5    | Lost mutation: Your body sometimes deteriorates upon taking
                  | damage. [potion of mutation]
 82728 | Zot:5    | Gained mutation: Your spells are a little harder to cast,
                  | but a little more powerful. [potion of mutation]
 82728 | Zot:5    | Gained mutation: Your muscles are strong. (Str +2) [potion
                  | of mutation]
 82728 | Zot:5    | Lost mutation: You are very clumsy. (Dex -4) [potion of
                  | mutation]
 82729 | Zot:5    | Lost mutation: Armour fits poorly on your strangely shaped
                  | body. [potion of mutation]
 82729 | Zot:5    | Lost mutation: Your spells are a little harder to cast, but
                  | a little more powerful. [potion of mutation]
 82729 | Zot:5    | Lost mutation: Your muscles are strong. (Str +2) [potion of
                  | mutation]
 82729 | Zot:5    | Gained mutation: Your body sometimes deteriorates upon
                  | taking damage. [potion of mutation]
 82729 | Zot:5    | Lost mutation: Your body sometimes deteriorates upon taking
                  | damage. [potion of mutation]
 82729 | Zot:5    | Gained mutation: You have very sharp teeth. [potion of
                  | mutation]
 82730 | Zot:5    | Lost mutation: You are frail. (-10% HP) [potion of
                  | mutation]
 82730 | Zot:5    | Lost mutation: You are resistant to hostile enchantments.
                  | (MR+) [potion of mutation]
 82730 | Zot:5    | Gained mutation: You are frail. (-10% HP) [potion of
                  | mutation]
 82730 | Zot:5    | Gained mutation: Your skin changes colour to match your
                  | surroundings (Stealth+). [potion of mutation]
 82731 | Zot:5    | Lost mutation: You are dopey. (Int -2) [potion of mutation]
 82731 | Zot:5    | Lost mutation: You are frail. (-10% HP) [potion of
                  | mutation]
 82731 | Zot:5    | Gained mutation: Your spells are a little easier to cast,
                  | but a little less powerful. [potion of mutation]
 82731 | Zot:5    | Gained mutation: You are frail. (-10% HP) [potion of
                  | mutation]
 82731 | Zot:5    | Gained mutation: Your flesh is cold resistant. (rC+)
                  | [potion of mutation]
 82732 | Zot:5    | Lost mutation: You are clumsy. (Dex -2) [potion of
                  | mutation]
 82732 | Zot:5    | Lost mutation: You are partially covered in large bone
                  | plates. (SH +4) [potion of mutation]
 82732 | Zot:5    | Lost mutation: You are frail. (-10% HP) [potion of
                  | mutation]
 82732 | Zot:5    | Gained mutation: Your movements are slightly less
                  | encumbered by armour. (ER -2) [potion of mutation]
 83338 | Zot:5    | Got the Orb of Zot
 83720 | D:10     | Noticed Ciehogg the pandemonium lord
 83978 | D:$      | Escaped with the Orb!
